 Dungeon Crawl Stone Soup version 0.31-a0-195-g7586a6f1e9 (webtiles) character file.

Game seed: 14858647001392653120

70 qw the Shooter (level 4, -4/25 HPs)
             Began as a Deep Elf Hunter on June 24, 2023.
             Slain by a worm (6 damage)
             ... on level 2 of the Dungeon.
             The game lasted 00:00:27 (1196 turns).

qw the Shooter (Deep Elf Hunter)                    Turns: 1196, Time: 00:00:27

Health: -4/25      AC:  5    Str: 10    XL:     4   Next: 4%
Magic:  6/6        EV: 11    Int: 14    God:
Gold:   141        SH:  0    Dex: 18    Spells: 3/3 levels left

rFire   . . .        Y - +0 shortbow
rCold   . . .        (shield currently unavailable)
rNeg    . . .        f - +0 ring mail
rPois   .            (no helmet)
rElec   .            (no cloak)
rCorr   .            (no gloves)
SInv    .            (no boots)
Will    .....        (no amulet)
Stlth   +            (no ring)
HPRegen 0.24/turn    (no ring)
MPRegen 0.10/turn

%: no passive effects
@: lethally poisoned (-4 -> -6)
A: no striking features
a: no special abilities


You were on level 2 of the Dungeon.
You visited 1 branch of the dungeon, and saw 2 of its levels.

You collected 141 gold pieces.


   Skills:
 - Level 1.5 Fighting
 + Level 7.4 Ranged Weapons
 - Level 2.4 Dodging
 - Level 1.2 Stealth


You had 3 spell levels left.
You didn't know any spells.
Your spell library was empty.

Inventory:

Hand Weapons
 Y - a +0 shortbow (weapon)
Armour
 f - a +0 ring mail (worn)
Scrolls
 a - a scroll of amnesia {unknown}
 e - 2 scrolls of identify
Potions
 b - 2 potions of might {unknown}
 g - a potion of curing {unknown}
 h - a potion of berserk rage {unknown}

Dungeon Overview and Level Annotations

Branches:
Dungeon (2/15)

Altars:


Message History

Enter note:
Enter note:
Enter note:
Enter note:
Enter note:
Enter note:
Enter note: You shoot an arrow.
The arrow hits the adder.
The adder hisses angrily.
The adder is moderately wounded.
You shoot an arrow. The arrow hits the adder.
The adder is heavily wounded.
You shoot an arrow. The arrow misses the adder.
You shoot an arrow. The arrow hits the adder.
The adder is almost dead.
You shoot an arrow. The arrow closely misses the adder.
The arrow hits the worm.
The worm is moderately wounded.
The adder bites you.
You are poisoned.
The adder poisons you! The adder bites you.
You are more poisoned.
The adder poisons you!
You shoot an arrow. The arrow closely misses the adder.
The arrow hits the worm.
The worm is moderately wounded.
You feel very sick. The adder barely misses you.
You shoot an arrow.
The arrow hits the adder but does no damage.
The adder is almost dead.
You feel sick.
The adder bites you but does no damage. x2
You shoot an arrow. The arrow barely misses the adder.
You feel sick.
The adder bites you. x2; The worm closely misses you.
You shoot an arrow. The arrow hits the adder!
You kill the adder!
You feel sick.
You have reached level 4!
You feel clever.
You shoot an arrow. The arrow hits the worm.
The worm is lightly wounded.
You feel sick. The worm bites you.
You die...

#.# ..# #. ### #####.#
#.. ...# #+## #.# #..###
#...## #.# #....#
#.....# #.####.#.#
##.......
#####........###........
..........%....'@%......
#####.###....###.w......
# #.####....###.......
#####.##......# #.....#
....#.##.#.#..# #...##
###.#.........# #+##
.##.####.#....# .##.#
#.###### .##.# #.#


You could see a worm.

Vanquished Creatures
  2 adders (D:2)
  4 worms (D:2)
  3 dart slugs
  6 ball pythons
  3 endoplasms
  4 giant cockroaches
  A goblin (D:1)
  3 jackals (D:1)
  A quokka (D:2)
  4 bats
  A frilled lizard (D:1)
  6 rats
38 creatures vanquished.

Notes
Turn   | Place    | Note
-------+----------+-------------------------------------------
     0 | D:1      | qw the Deep Elf Hunter began the quest for the Orb.
     0 | D:1      | Reached XP level 1. HP: 12/12 MP: 3/3
     0 | D:1      | 0 ||| qw: Version: 0.3-a-9-g12657ce
     0 | D:1      | 0 ||| qw: Game counter: 4754
     0 | D:1      | 0 ||| qw: Always use a shield: true
     0 | D:1      | 0 ||| qw: God list: Okawaru
     0 | D:1      | 0 ||| qw: Allow faded altars: false
     0 | D:1      | 0 ||| qw: Do Orc after D:15 true
     0 | D:1      | 0 ||| qw: Do second Lair branch before Depths: true
     0 | D:1      | 0 ||| qw: Lair rune preference: random
     0 | D:1      | 0 ||| qw: Plans: Normal
     0 | D:1      | 0 ||| PLANNING D:1-11
    70 | D:1      | Reached XP level 2. HP: 16/16 MP: 4/4
    75 | D:1      | Reached skill level 6 in Ranged Weapons
   508 | D:1      | 508 ||| UPGRADING to +0 ring mail.
   518 | D:1      | 518 ||| DROPPING +0 leather armour.
   519 | D:1      | 519 ||| READING scroll labelled EFIPSE GONTALAJ.
   524 | D:1      | 524 ||| READING 2 scrolls labelled UGHAV SORCHE.
   525 | D:1      | 525 ||| DROPPING scroll of butterflies.
   597 | D:2      | Reached XP level 3. HP: 20/20 MP: 5/5
   855 | D:2      | Reached skill level 7 in Ranged Weapons
  1194 | D:2      | HP: 3/20 [adder (4)]
  1196 | D:2      | Reached XP level 4. HP: 2/25 MP: 6/6
  1196 | D:2      | Slain by a worm

Levels and vault maps discovered:
D:1:      minmay_arrival_semitransparent, layout_basic
D:2:      layout_loops_corners, minmay_tall_x, uniq_jessica

Skill      XL: |  1  2  3 |
---------------+----------+-----
Ranged Weapons | 6 7 |  7.4
Fighting       | |  1.5
Dodging        | |  2.4
Stealth        | |  1.2

Action                     |  1- 3 |  4- 6 || total
---------------------------+-------+-------++-------
   Fire: Shortbow          |   117 |     1 ||   118
    Use: Scroll            |     2 |       ||     2
 Armour: Leather armour    |    12 |       ||    12
         Ring mail         |    14 |       ||    14
  Dodge: Dodged            |    44 |       ||    44

Table legend:
 A = Non-vault XP
 B = Vault XP
 C = Vault XP percentage of total XP
 D = Non-vault monster count
 E = Vault monster count
 F = Vault count percentage of total count
                 A         B        C        D         E       F
            +---------+---------+-------+---------+---------+-------
      Total |      95 |       6 |   5.9 |      34 |       4 |  10.5
            +---------+---------+-------+---------+---------+-------
        D:1 |      33 |       0 |   0.0 |      19 |       0 |   0.0
        D:2 |      62 |       6 |   8.8 |      15 |       4 |  21.1
            +---------+---------+-------+---------+---------+-------
